AoeStats
← Booger Flicker X

Team Islands

503452181Analyzed
4v4 RM · 1mo ago on Aug 31, 2026· 48m 52s· 8 players
Game mode
Random Map
Map size
242×242
Population
200
Speed
Normal
Resources
Standard
Victory
Conquest
Starting age
Dark Age
Ending age
Imperial Age
RankedLock teamsTeams togetherTeam positionsShared explorationLock speedFull tech treeHidden civsTurbo modeCheats
Victory
Defeat
🇩🇪 Portuguese · Germany
649
+13
🇨🇱 Vikings · Chile
578
+16
🇩🇪 Bohemians · Germany
488
+20
🇬🇧 Inca · United Kingdom
470
+21
🇨🇾 Ethiopians · Cyprus
693
-50
🇧🇷 Jurchens · Brazil
628
-20
🇦🇷 Vikings · Argentina
522
-15
🇺🇸 Bulgarians · United States
480
-13
stinkelton7
12:07 Feudal Age
17:12 Castle Age
15:03 Loom
15:05 Fishing Lines
16:04 Double-Bit Axe
19:12 Bow Saw
24:34 Gillnets
27:49 Gold Mining
27:48 Horse Collar
31:10 Imperial Age
28:27 Town Watch
33:36 Conscription
32:47 Elite Organ Gun
36:10 Pikeman
37:03 Forging
36:54 Scale Mail Armor
36:49 Halberdier
38:31 Murder Holes
43:52 Arquebus
43:31 Elite Caravel
45:41 Clinker Construction
45:43 Careening
47:45 Arson
48:40 Iron Casting
48:21 Chain Mail Armor
haritasic
0:30 Loom
16:39 Feudal Age
17:20 Fishing Lines
17:53 Double-Bit Axe
23:56 Castle Age
23:04 Town Watch
23:15 Gold Mining
23:15 Stone Mining
23:48 Fletching
25:13 Gillnets
26:50 Medium Warships
27:46 Bodkin Arrow
28:43 Gold Shaft Mining
28:57 Bow Saw
34:51 Town Patrol
35:16 Ballistics
35:54 Treadmill Crane
36:25 Fortified Wall
36:12 Murder Holes
42:22 Imperial Age
41:40 Fervor
43:43 Heavy Warships
42:39 Elite Longship
44:23 Chemistry
43:29 Siege Engineers
44:02 Bracer
44:19 Careening
44:19 Clinker Construction
44:15 Siphons
44:35 Elite Cannon Galleon
46:41 Dry Dock
Leggy Mountbatten
0:30 Loom
13:49 Feudal Age
14:21 Double-Bit Axe
14:17 Horse Collar
14:30 Gold Mining
14:30 Stone Mining
16:45 Arson
24:53 Castle Age
23:08 Padded Archer Armor
23:09 Scale Mail Armor
23:12 Fletching
26:45 Bow Saw
26:36 Heavy Plow
26:57 Caravan
28:14 Gold Shaft Mining
28:15 Stone Shaft Mining
28:12 Leather Archer Armor
28:32 Town Watch
29:22 Wheelbarrow
31:44 Hand Cart
34:55 Town Patrol
39:40 Imperial Age
40:06 Chain Mail Armor
40:02 Forging
39:48 Bodkin Arrow
41:00 Medium Warships
45:04 Heavy Warships
45:08 Guard Tower
46:19 Chemistry
45:04 Arrowslits
45:40 Ballistics
45:31 Fortified Wall
45:17 Murder Holes
45:13 Heated Shot
45:31 Siege Engineers
45:47 Shipwright
45:38 Clinker Construction
45:38 Careening
45:10 Treadmill Crane
45:41 Masonry
46:53 Block Printing
47:04 Illumination
46:50 Redemption
46:41 Devotion
47:17 Theocracy
46:38 Herbal Medicine
47:04 Sanctity
47:06 Heresy
48:13 Ring Archer Armor
48:14 Plate Mail Armor
48:20 Iron Casting
47:45 Bracer
47:51 Squires
47:12 Pikeman
47:13 Champi Runner
47:25 Elite Skirmisher
47:26 Crossbowman
48:11 Thumb Ring
47:30 Heavy Scorpion
47:32 Onager
47:32 Capped Ram
48:27 Fishing Lines
48:26 Demolition Ship
48:59 Gillnets
leantearsinherfanta
1:14 Loom
15:04 Feudal Age
16:56 Wheelbarrow
16:07 Horse Collar
16:26 Double-Bit Axe
19:55 Town Watch
22:39 Forging
22:32 Scale Mail Armor
22:08 Man-at-Arms
27:58 Castle Age
29:03 Hand Cart
28:58 Long Swordsman
33:44 Iron Casting
37:25 Chain Mail Armor
39:44 Imperial Age
39:57 Chemistry
44:09 Conscription
ketrysh
10:46 Feudal Age
12:49 Wheelbarrow
12:19 Double-Bit Axe
13:24 Horse Collar
22:10 Castle Age
23:18 Bow Saw
22:37 Crossbowman
23:50 Gold Mining
23:55 Stone Mining
26:38 Thumb Ring
26:38 Padded Archer Armor
27:32 Stone Shaft Mining
27:38 Gold Shaft Mining
27:38 Heavy Plow
27:31 Fletching
28:59 Hand Cart
36:20 Squires
39:27 Medium Warships
44:02 Husbandry
Booger Flicker X
Gods ;*
17:17 Feudal Age
18:11 Fishing Lines
18:38 Double-Bit Axe
22:02 Wheelbarrow
21:36 Horse Collar
25:04 Stone Mining
25:04 Gold Mining
31:27 Castle Age
34:17 Medium Warships
34:00 Gillnets
33:31 Demolition Ship
36:29 Careening
36:25 Siphons
36:31 Clinker Construction
36:44 Ballistics
36:30 Heavy Plow
36:43 Bow Saw
42:38 Imperial Age
45:19 Elite Iron Pagoda
46:48 Carvel Hull
46:15 Arrowslits
46:12 Treadmill Crane
javitostar19
13:28 Feudal Age
14:25 Double-Bit Axe
14:28 Fishing Lines
22:13 Castle Age
23:39 Crossbowman
25:21 Gillnets
25:45 Town Watch
25:44 Horse Collar
26:17 Bow Saw
27:41 Town Patrol
31:55 Medium Warships
37:15 Imperial Age
40:14 Heavy Warships
39:12 Elite Longship
41:30 Arbalester
43:17 Man-at-Arms
Connection lost

Rejoining the realm…

Still unreachable

The connection could not be restored.

Session expired

The server has moved on; the page needs a fresh start.